 Dungeon Crawl Stone Soup version 0.29-a0-1027-gcd8c55af63 (webtiles) character file.

Game seed: 8405734068796873415

70 leavemydog the Conjurer (level 4, -7/24 HPs)
             Began as a Deep Elf Conjurer on Aug 12, 2022.
             Killed from afar by Natasha (13 damage)
             ... with a bolt of light
             ... on level 2 of the Dungeon.
             The game lasted 00:01:36 (1909 turns).

leavemydog the Conjurer (Deep Elf Conjurer)         Turns: 1909, Time: 00:01:37

Health: -7/24      AC:  2    Str:  4    XL:     4   Next: 3%
Magic:  5/11       EV: 12    Int: 25    God:
Gold:   43         SH:  0    Dex: 13    Spells: 7/10 levels left

rFire   . . .      SeeInvis .   (no weapon)
rCold   . . .      Faith    .   (no shield)
rNeg    . . .      Spirit   .   a - +0 robe
rPois   +          Reflect  .   (no helmet)
rElec   .          Harm     .   (no cloak)
rCorr   .          Rampage  .   (no gloves)
Will    .....                   (no boots)
Stlth   ++........              (no amulet)
HPRegen 0.08/turn               e - ring of poison resistance
MPRegen 0.12/turn               (no ring)

@: no status effects
A: no striking features
a: no special abilities


You were on level 2 of the Dungeon.
You visited 1 branch of the dungeon, and saw 2 of its levels.

You collected 43 gold pieces.

Inventory:

Armour
 a - a +0 robe (worn)
Jewellery
 e - a ring of poison resistance (left hand)
Scrolls
 d - a scroll of identify {unknown}
Potions
 b - a potion of magic
 c - 2 potions of heal wounds {unknown}
 f - 2 potions of curing {unknown}
 g - 2 potions of flight {unknown}
 h - a potion of haste {unknown}
 i - a potion of attraction {unknown}
 j - a potion of brilliance {unknown}


   Skills:
 - Level 2.4 Dodging
 - Level 2.4 Stealth
 + Level 3.7 Spellcasting
 + Level 5.6 Conjurations
 * Level 0.9 Hexes
 * Level 0.9 Translocations


You had 7 spell levels left.
You knew the following spells:

 Your Spells              Type           Power      Damage    Failure   Level
a - Magic Dart            Conj           100%       1d8       1%          1
b - Searing Ray           Conj           64%        2d6       1%          2

Your spell library contained the following spells:

 Spells                   Type           Power      Damage    Failure   Level
 Dazzling Flash           Conj/Hex       42%        N/A       8%          3
 Fulminant Prism          Conj/Hex       10%        3d9       24%         4
 Iskenderun's Mystic Bla  Conj/Tloc      21%        2d6       24%         4
 Anguish                  Hex/Necr       3%         N/A       61%         4
 Enfeeble                 Hex            4%         N/A       100%        7


Dungeon Overview and Level Annotations

Branches:
Dungeon (2/15)

Altars:

Annotations:
D:2 Natasha, Robin, Sigmund


Message History

The magic dart hits the hobgoblin.
You kill the hobgoblin!
A goblin comes into view. It is wielding a +0 club.
A goblin comes into view. It is wielding a +0 dagger. x2
The magic dart hits the goblin!
You kill the goblin!
The goblin shouts!
You hear a shout!
The magic dart hits the goblin!
You kill the goblin!
You have reached level 4!
You feel clever.
The magic dart hits the goblin!
You kill the goblin!
Robin of the Strong Arm comes into view.
They are wielding a +0 club.
Sigmund the Dreaded comes into view.
He is wielding a +0 scythe.
Robin throws the goblin at you! The goblin attacks as you move away!
The goblin hits you with a +2 dagger of venom.
The goblin attacks as you move away! The goblin misses you.
The goblin attacks as you move away! The goblin hits you but does no damage.
Sigmund mumbles some strange words.
Sigmund flickers and vanishes!
Deactivating autopickup; reactivate with Ctrl-A.
The goblin attacks as you move away! The goblin misses you.
Natasha, Servant of Life and Death comes into view.
She is carrying a wand of light (8).
The goblin attacks as you move away! The goblin closely misses you.
You hit Natasha but do no damage. Natasha closely misses you.
The goblin misses you.
You barely miss Natasha.
Natasha mumbles some strange words.
The goblin misses you. The hobgoblin attacks as you move away!
The hobgoblin closely misses you.
Natasha extends her claws.
Natasha zaps a wand.
The bolt of light misses you. The white imp hits you.
The white imp freezes you. Natasha claws you!
* * * LOW HITPOINT WARNING * * *
Natasha zaps a wand.
The bolt of light hits you!
Ouch! That really hurt!
You die...

........##....##.##########
#.... ........##....##.#
#.#.# .........♣..#.##.#
#.##'##.♣PP...##.#
.......♣P♣♣P♣....#
........._♣.♣.##<#
...###...PP♣..##.# †..#
#...♣..#.##.# ...#
#.######.##@## ...# #.#
#.....# ...# #.# ####hg#
#### ...# #.##### #g5# #..
...# #.....# #g.# #.# . ...#
#.....#####.g########g###...
####
#...............gg.{....))).
#
###########...........###...
# #.########..#


You could see Natasha, a white imp (summoned), a hobgoblin and 3 goblins.

Vanquished Creatures
  Natasha (D:2)
  An adder (D:2)
  4 endoplasms
  2 giant cockroaches
  8 goblins (D:2)
  3 hobgoblins
  2 quokkas (D:1)
  2 ball pythons (D:1)
  3 bats
  2 frilled lizards
  A kobold (D:1)
  4 rats
33 creatures vanquished.

Vanquished Creatures (others)
  2 withered plants (D:2)
2 creatures vanquished.

Grand Total: 35 creatures vanquished

Notes
Turn   | Place    | Note
-------+----------+-------------------------------------------
     0 | D:1      | leavemydog the Deep Elf Conjurer began the quest for the
                  | Orb.
     0 | D:1      | Reached XP level 1. HP: 10/10 MP: 6/6
   770 | D:1      | Reached XP level 2. HP: 15/15 MP: 2/8
   775 | D:1      | Learned a level 2 spell: Searing Ray
   996 | D:1      | Reached skill level 5 in Conjurations
  1348 | D:2      | Found a faded altar of an unknown god.
  1514 | D:2      | Noticed Natasha
  1518 | D:2      | Killed Natasha
  1519 | D:2      | Reached XP level 3. HP: 19/19 MP: 5/10
  1893 | D:2      | Reached XP level 4. HP: 24/24 MP: 4/11
  1893 | D:2      | Noticed Robin
  1893 | D:2      | Noticed Sigmund
  1902 | D:2      | Noticed Natasha
  1909 | D:2      | Killed from afar by Natasha

Illustrated notes

Levels and vault maps discovered:
D:1:      evilmike_arrival_home_sweet_home, layout_loops_corners
D:2:      layout_basic, ebering_ecumenical_altar_petrified, uniq_sigmund,
          uniq_natasha, uniq_robin

Skill      XL: |  1  2 |
---------------+-------+-----
Conjurations   | 5 |  5.6
Dodging        | |  2.4
Stealth        | |  2.4
Spellcasting   | |  3.7
Hexes          | |  0.9
Translocations | |  0.9

Action                   |  1- 3 |  4- 6 || total
-------------------------+-------+-------++-------
Melee: Unarmed           |       |     2 ||     2
 Cast: Magic Dart        |    58 |     1 ||    59
Armor: Robe              |     1 |     1 ||     2
Dodge: Dodged            |     5 |     8 ||    13

Table legend: (Time is in decaauts)
 A = Elapsed time spent in this place.
 B = Non-inter-level travel time spent in this place.
 C = Inter-level travel time spent in this place.
 D = Time resting spent in this place.
 E = Time spent auto-exploring this place.
 F = Levels seen in this place.
 G = Mean time per level.
                   A        B        C        D        E       F      G
               +--------+--------+--------+--------+--------+-----+--------+
         Total |   1918 |   1895 |     23 |    349 |   1413 |   2 |  959.0 |
       Dungeon |   1918 |   1895 |     23 |    349 |   1413 |   2 |  959.0 |
               +--------+--------+--------+--------+--------+-----+--------+

Top non-repeatable levels by time:
     D:1: 1328 daAuts
     D:2: 589 daAuts
